 Dungeon Crawl Stone Soup version 0.19.0-17-g07987d3 (webtiles) character file.

898 Melicamp the Chiller (level 7, -2/46 HPs)
             Began as a Vampire Ice Elementalist on Nov 10, 2016.
             Killed from afar by Blork the orc (3 damage)
             ... with a puff of frost
             ... on level 4 of the Dungeon.
             The game lasted 01:05:20 (9641 turns).

Melicamp the Chiller (Vampire Ice Elementalist)     Turns: 9641, Time: 01:05:20

Health: -2/46      AC:  3    Str:  7    XL:     7   Next: 79%
Magic:  5/11       EV: 13    Int: 19    God:
Gold:   149        SH:  0    Dex: 15    Spells: 4 memorised, 2 levels left

rFire  . . .     SeeInvis +     l - +9 club
rCold  + . .     Gourm    .     (no armour)
rNeg   + + .     Faith    .     (no shield)
rPois  +         Spirit   .     (no helmet)
rElec  .         Reflect  .     h - +2 cloak
rCorr  +         Harm     .     (no gloves)
MR     .....                    (no boots)
Stlth  +++.......               (no amulet)
                                k - ring of poison resistance
                                e - ring of resist corrosion

@: very slightly contaminated, regenerating slowly
A: fangs 3, see invisible, unbreathing
a: Bat Form


You were on level 4 of the Dungeon.
You were very thirsty.

You visited 1 branch of the dungeon, and saw 4 of its levels.

You collected 149 gold pieces.

Inventory:

Hand Weapons
 l - a +9 club (weapon)
Armour
 h - a +2 cloak (worn)
Jewellery
 e - a ring of resist corrosion (left hand)
 k - a ring of poison resistance (right hand)
Scrolls
 o - a scroll of teleportation
 q - a scroll of remove curse
Potions
 a - a potion of degeneration {unknown}
 c - 6 potions of blood
 d - 3 potions of lignification {unknown}
 f - 3 potions of heal wounds {unknown}
 g - a potion of curing
 i - a potion of cure mutation {unknown}
 j - a potion of haste {unknown}
 m - a potion of magic {unknown}
 n - a potion of flight {unknown}
Books
 b - a book of Frost

   Spells                             Type                      Level
   a - Freeze                         Ice                          1
   b - Throw Frost                    Conjuration/Ice              2
   c - Ozocubu's Armour               Charms/Ice                   3
   d - Throw Icicle                   Conjuration/Ice              4
   e - Summon Ice Beast               Ice/Summoning                4


   Skills:
 * Level 3.4 Maces & Flails
   Level 1.1 Polearms
 - Level 3.0 Dodging
 - Level 3.0 Stealth
 - Level 3.1 Spellcasting
 - Level 3.0 Conjurations
 - Level 6.0 Ice Magic


You had 2 spell levels left.
You knew the following spells:

 Your Spells              Type           Power        Failure   Level  Hunger
a - Freeze                Ice            ####         1%          1    None
b - Throw Frost           Conj/Ice       ###...       4%          2    ##.....
c - Throw Icicle          Conj/Ice       ###.....     28%         4    ####...
d - Ozocubu's Armour      Chrm/Ice       ##......     14%         3    ###....


Dungeon Overview and Level Annotations

Branches:
Dungeon (4/15)
 Temple: D:4-7

Altars:

Annotations:
D:4 Blork the orc


Innate Abilities, Weirdness & Mutations

You heal slowly.
You have razor-sharp teeth.
You have supernaturally acute eyesight. (SInv)
You can survive without breathing.


Message History

Confirm with . or Enter, or press ? or * to list all spells.
Aiming: Throw Icicle
Press: ? - help, Shift-Dir - straight line, f/p - Blork the orc
Aim: Blork the orc, wielding a long sword and wearing a robe (fast)
You miscast Throw Icicle.
Sparks fly from your hands!
You feel devoid of blood!
Blork the orc begins to cast a cantrip, but forgets the words!
Yummy - fresh blood!
You are feeling very thirsty.
There is an open door here.
Blork the orc casts a spell at you. The puff of flame hits you!
* * * LOW HITPOINT WARNING * * *
Blork the orc hits you with a long sword.
* * * LOW HITPOINT WARNING * * *
There is a stone staircase leading down here.
Blork the orc miscasts a cantrip.
Blork the orc points at you and mumbles some strange words.
The puff of frost hits you! You resist.
You die...

### ##### . ... ######....
..##.###############.........
........>o...................
........####@....###.........
....#.#....'...>.# #......<..
....'...####.....# #.........
...#.#....#.....# #.....#..#
#.. #.##.#.#.....# #.....#..#
## #.##.#.#.....# #.....#..#
#.##.#.#.....# ........
#####.##.#.#.....###....
#<.......#.#.........#


You could see Blork the orc.

Vanquished Creatures
  Sigmund (D:2)
  An ogre (D:4)
  A scorpion (D:4)
  A howler monkey (D:4)
  A bullfrog zombie (D:4)
  A hound (D:4)
  A bullfrog skeleton (D:4)
  An iguana (D:4)
  Natasha (D:4)
  2 worker ants
  Ijyb (D:2)
  2 hound skeletons (D:4)
  Robin (D:2)
  7 gnolls
  12 adders
  A shadow imp (D:4)
  3 worms (D:2)
  3 dart slugs (D:1)
  2 leopard geckos (D:2)
  5 orcs
  A giant cockroach (D:3)
  21 goblins
  11 hobgoblins
  6 jackals (D:2)
  10 kobolds
  A quokka (D:2)
  3 ball pythons
  13 bats
  2 frilled lizards (D:2)
  A quokka skeleton (D:4)
  15 rats
132 creatures vanquished.

Notes
Turn   | Place    | Note
-------+----------+-------------------------------------------
     0 | D:1      | Melicamp the Vampire Ice Elementalist began the quest for the Orb.
     0 | D:1      | Reached XP level 1. HP: 13/13 MP: 3/3
   348 | D:1      | Reached XP level 2. HP: 13/19 MP: 2/5
   493 | D:1      | Learned a level 2 spell: Throw Frost
  1684 | D:1      | Reached XP level 3. HP: 21/24 MP: 1/7
  2042 | D:2      | Noticed Sigmund
  2052 | D:2      | Killed Sigmund
  2052 | D:2      | Reached skill level 5 in Ice Magic
  2052 | D:2      | Reached XP level 4. HP: 30/30 MP: 0/8
  2052 | D:2      | Reached XP level 5. HP: 35/35 MP: 0/9
  2177 | D:2      | Learned a level 4 spell: Throw Icicle
  2318 | D:2      | Noticed Ijyb
  2325 | D:2      | Killed Ijyb
  2325 | D:2      | Reached skill level 1 in Conjurations
  3137 | D:2      | Reached skill level 1 in Polearms
  3543 | D:2      | Reached XP level 6. HP: 31/41 MP: 6/10
  4435 | D:2      | Noticed Robin
  4608 | D:2      | Learned a level 3 spell: Ozocubu's Armour
  5136 | D:2      | Killed Robin
  7581 | D:4      | Reached skill level 6 in Ice Magic
  7903 | D:4      | Reached XP level 7. HP: 32/46 MP: 7/11
  8121 | D:4      | Noticed Natasha
  8129 | D:4      | Killed Natasha
  8273 | D:4      | Reached skill level 1 in Maces & Flails
  9466 | D:4      | Noticed Blork the orc
  9635 | D:4      | HP: 1/46 [Blork the orc/long sword (3)]
  9641 | D:4      | Killed from afar by Blork the orc

Skill      XL: |  1  2  3  4  5  6  7 |
---------------+----------------------+-----
Spellcasting   | 3 |  3.1
Ice Magic      | 5 6 |  6.0
Conjurations   | 1 2 3 |  3.0
Polearms       | 1 |  1.1
Maces & Flails | 3 |  3.4
Dodging        | 3 |  3.0
Stealth        | |  3.0

Action                   |  1- 3 |  4- 6 |  7- 9 || total
-------------------------+-------+-------+-------++-------
Melee: Unarmed           |    48 |       |       ||    48
       Bite              |     2 |    11 |     7 ||    20
       Mace              |    10 |       |       ||    10
       Club              |       |   157 |    56 ||   213
       Scythe            |       |    29 |       ||    29
 Cast: Freeze            |    15 |    12 |     2 ||    29
       Throw Frost       |    19 |    42 |     5 ||    66
       Throw Icicle      |       |     8 |     7 ||    15
       Ozocubu's Armour  |       |     1 |     1 ||     2
 Abil: End Transformatio |       |     1 |       ||     1
       Bat Form          |       |     1 |       ||     1
  Use: Potion            |     2 |    16 |     5 ||    23
       Scroll            |       |     3 |     1 ||     4
 Stab: Sleeping          |     4 |    13 |       ||    17
       Distracted        |       |       |     1 ||     1
Armor: Robe              |    19 |    34 |       ||    53
       Skin              |       |    13 |     2 ||    15
Dodge: Dodged            |    56 |   163 |    40 ||   259
